AoeStats
← cowabunga

Arabian Desert

510299717Analyzed
1v1 RM · 1d ago on Sep 30, 2026· 40m 45s· 2 players
Game mode
Random Map
Map size
Tiny (2 player)
Population
200
Speed
Normal
Resources
Standard
Victory
Conquest
Starting age
Dark Age
Ending age
Imperial Age
RankedLock teamsTeams togetherTeam positionsShared explorationLock speedFull tech treeHidden civsTurbo modeCheats
Victory
Defeat
🇨🇳 Mongols · China
947
+38
🇧🇪 Lithuanians · Belgium
936
-15
cowabunga
5:23 Loom
10:17 Feudal Age
17:21 Castle Age
18:05 Double-Bit Axe
20:18 Pikeman
23:32 Bloodlines
23:22 Husbandry
23:39 Forging
26:27 Gold Mining
28:43 Redemption
30:58 Iron Casting
30:28 Scale Barding Armor
35:20 Horse Collar
38:01 Wheelbarrow
38:30 Chain Barding Armor
41:42 Imperial Age
41:14 Hill Forts
yuhaoze43
3:35 Loom
12:19 Feudal Age
17:47 Castle Age
16:05 Double-Bit Axe
16:43 Horse Collar
17:01 Stone Mining
17:12 Gold Mining
20:16 Wheelbarrow
22:54 Bow Saw
24:48 Hand Cart
26:07 Murder Holes
26:36 Ballistics
26:38 Heavy Plow
26:36 Fletching
28:09 Masonry
28:11 Padded Archer Armor
29:56 Bloodlines
37:52 Imperial Age
34:50 Light Cavalry
36:51 Bodkin Arrow
39:01 Bracer
39:04 Town Watch
40:28 Chemistry
Connection lost

Rejoining the realm…

Still unreachable

The connection could not be restored.

Session expired

The server has moved on; the page needs a fresh start.